Description

Lambos's genius german taxi.

Replay - 2020-12-22 - (Z)Lambo VS (P)soul

Build Order

Get SALT Encoding   

  12  0:00  Drone  
  13  0:12  Overlord  
  13  0:16  Drone  
  14  0:30  Drone x2  
  16  0:47  Hatchery  
  15  0:51  Drone x2  
  17  0:57  Drone  
  18  1:08  Extractor  
  17  1:13  Spawning Pool  
  17  1:15  Drone x2  
  18  1:27  Drone  
  19  1:38  Drone  
  20  1:49  Drone  
  21  1:59  Queen x2  
  21  2:00  Overlord, Zergling x2  
  26  2:10  Drone x2  
  26  2:12  Metabolic Boost  
  28  2:21  Drone x2  
  30  2:31  Hatchery  
  30  2:34  Drone  
  30  2:43  Drone, Zergling x2  
  32  2:44  Overlord  
  32  2:50  Queen  
  34  2:52  Drone x2  
  36  3:04  Overlord  
  36  3:05  Drone x4  
  37  3:12  Queen  
  40  3:17  Drone  
  43  3:22  Overlord  
  43  3:24  Drone x2  
  44  3:28  Queen  
  47  3:38  Overlord  
  47  3:39  Drone x5  
  51  3:45  Queen  
  53  3:48  Drone x2  
  53  3:52  Spore Crawler  
  54  3:55  Overlord  
  54  3:59  Drone x3  
  57  4:04  Drone x3  
  57  4:09  Lair  
  60  4:14  Overlord  
  60  4:15  Drone x2  
  62  4:20  Roach Warren  
  62  4:21  Extractor x2  
  62  4:24  Drone x2  
  61  4:26  Overlord x2  
  61  4:30  Drone x2  
  62  4:35  Overlord  
  62  4:37  Pneumatized Carapace  
  63  4:41  Drone x2  
  65  4:47  Zergling x12  
  65  4:49  Spore Crawler x2  
  69  4:53  Zergling x2  
  70  5:03  Roach x5  
  80  5:10  Roach x4  
  80  5:12  Overlord  
  88  5:17  Roach x2  
  91  5:24  Roach x2  
  91  5:25  Overlord  
  91  5:26  Zergling x4  
  97  5:30  Overlord  
  97  5:31  Zergling x4  
  98  5:37  Zergling x14  
  105  5:44  Ravager x2  
  105  5:47  Zergling x2  
  105  5:48  Queen  
  110  5:52  Overlord, Zergling x6  
  110  5:53  Ravager  
  114  5:58  Zergling x2  
  114  6:04  Zergling x6  
  118  6:10  Zergling x2  
Spawning Tool Build Advisor. Get it on Overwolf

Go to:

Details

  • Created by: siowy
  • Published on: Dec 24, 2020
  • Modified on: Dec 24, 2020
  • Patch: 4.11.0
  • Difficulty: Hard
Show
View Real Time Build Order
Export as new Build Order

Comments (0)

There are no comments. Be the first!

Create an account to comment!